 Dungeon Crawl Stone Soup version 0.25.1-2-g60ff931df9 (webtiles) character file.

Game seed: 13792586485627060249

55 FreshCat the Shield-Bearer (level 3, -4/24 HPs)
             Began as a Gargoyle Fighter on Sept 9, 2020.
             Killed by divine providence
             ... invoked by an orc priest
              (16 damage)
             ... on level 3 of the Dungeon.
             The game lasted 00:04:38 (1638 turns).

FreshCat the Shield-Bearer (Gargoyle Fighter)       Turns: 1638, Time: 00:04:39

Health: -4/24      AC: 10    Str: 19    XL:     3   Next: 93%
Magic:  3/3        EV:  7    Int:  8    God:
Gold:   80         SH:  9    Dex: 10    Spells: 2/2 levels left

rFire    . . .     SeeInvis .   a - +0 flail
rCold    . . .     Gourm    .   c - +0 kite shield
rNeg     + . .     Faith    .   b - +0 scale mail
rPois    ∞         Spirit   .   (no helmet)
rElec    +         Reflect  .   (no cloak)
rCorr    .         Harm     .   (no gloves)
MR       .....                  (no boots)
Stlth    ..........             (no amulet)
HPRegen  0.08/turn              (no ring)
MPRegen  0.08/turn              (no ring)

@: no status effects
A: negative energy resistance 1, electricity resistance, unbreathing,
petrification resistance, rot immunity, AC +3
a: no special abilities


You were on level 3 of the Dungeon.
You were hungry.

You visited 1 branch of the dungeon, and saw 3 of its levels.

You collected 80 gold pieces.

Inventory:

Hand Weapons
 a - a +0 flail (weapon)
Missiles
 h - 16 stones (quivered)
Armour
 b - a +0 scale mail (worn)
 c - a +0 kite shield (worn)
Jewellery
 i - a cursed ring of attention {unknown}
Scrolls
 g - a scroll of enchant armour {unknown}
 j - a scroll of noise {unknown}
 l - a scroll of remove curse {unknown}
 m - a scroll of immolation {unknown}
 n - a scroll of blinking {unknown}
 o - a scroll of identify {unknown}
Potions
 d - a potion of might
 e - a potion of magic {unknown}
 k - a potion of haste {unknown}
Comestibles
 f - 2 rations
 p - 3 chunks of flesh


   Skills:
 + Level 3.7 Fighting
 + Level 2.6 Maces & Flails
 + Level 0.2 Throwing
 + Level 3.6 Armour
 + Level 0.6 Dodging
 + Level 3.7 Shields


You had 2 spell levels left.
You didn't know any spells.
Your spell library was empty.

Dungeon Overview and Level Annotations

Branches:
Dungeon (3/15)

Altars:
Makhleb


Innate Abilities, Weirdness & Mutations

You are resistant to torment.
Your stone body is resilient. (AC +3)
You are immune to poison.
You resist negative energy. (rN+)
You are resistant to electric shocks. (rElec)
You can survive without breathing.
You are immune to petrification.
You are immune to rotting.


Message History

Beogh smites you!
You closely miss the orc.
The orc is moderately wounded.
You block the orc's attack.
The orc priest hits you but does no damage.
The orc hits you with a +4 flail.
You are too injured to fight recklessly!
You hit the orc priest.
The orc priest is heavily wounded.
The orc priest hits you but does no damage.
Your shield and scale mail prevent you from hitting the orc priest.
The orc priest is heavily wounded.
The orc priest hits you but does no damage.
You block the orc priest's attack.
You barely miss the orc priest.
The orc priest is moderately wounded.
The orc priest mumbles some strange prayers to Beogh against you.
Beogh smites you!
Ouch! That really hurt!
You die...

#.# #o #.# #o###
##.## #...# ##...##
#...# ##..#..# ...
#..###.# #.#
#...#..# #.#
#.#...###########.#
#.#............@oo#
#.#.#####....######
#......##....#
###.##......##
#.#####.###
#.......# #########


You could see an orc priest and an orc.

Vanquished Creatures
  An adder (D:3)
  A dart slug (D:1)
  A leopard gecko (D:2)
  2 orcs (D:3)
  3 giant cockroaches
  5 goblins
  4 hobgoblins (D:1)
  4 kobolds
  2 ball pythons
  5 bats
  13 rats
41 creatures vanquished.

Notes
Turn   | Place    | Note
-------+----------+-------------------------------------------
     0 | D:1      | FreshCat the Gargoyle Fighter began the quest for the Orb.
     0 | D:1      | Reached XP level 1. HP: 14/14 MP: 1/1
   187 | D:1      | Reached XP level 2. HP: 19/19 MP: 2/2
   805 | D:1      | Reached XP level 3. HP: 24/24 MP: 3/3
  1177 | D:2      | Found a burning altar of Makhleb.
  1216 | D:2      | Found a faded altar of an unknown god.
  1581 | D:2      | You fall into a shaft and drop 1 floor!
  1638 | D:3      | Killed from afar by an orc priest

Illustrated notes

Levels and vault maps discovered:
D:1:      lemuel_arrival_rhombus, layout_basic, minmay_rat_gold_closets
D:2:      layout_loops_ring, bloody_makhleb, chequers_ecumenical_altar_island
D:3:      layout_loops_cross, old_standard_altar, old_standard_altar,
          uniq_sigmund

Action                   || total
-------------------------++-------
Melee: Flail             ||   126
Throw: Stone             ||    20
  Eat: Chunk             ||     2
Armor: Scale mail        ||    59
Dodge: Dodged            ||    30
Block: Kite shield       ||    67
